 Dungeon Crawl Stone Soup version 0.16-a0-4113-g7d8e295 (webtiles) character file.

623 timbw the Sneak (level 7, -2/41 HPs)
             Began as a High Elf Enchanter on Feb 28, 2015.
             Was a Believer of Vehumet.
             Slain by an orc
             ... wielding a +0 trident
              (10 damage)
             ... on level 7 of the Dungeon.
             The game lasted 00:11:06 (2373 turns).

timbw the Sneak (High Elf Enchanter)                Turns: 2373, Time: 00:11:06

Health: -2/41      AC:  4    Str:  7    XL:     7   Next: 22%
Magic:  5/17       EV: 13    Int: 20    God:    Vehumet [**....]
Gold:   114        SH:  0    Dex: 17    Spells: 3 memorised, 4 levels left

rFire  + . .     SeeInvis .     a - +2 dagger
rCold  . . .     Clarity  .     b - +1 robe
rNeg   . . .     SustAb   .     (no shield)
rPois  .         Gourm    +     (no helmet)
rElec  .         Spirit   .     (no cloak)
rCorr  .         Warding  .     q - +0 pair of gloves
rMut   .         Stasis   .     (no boots)
MR     .....                    f - amulet of the gourmand
Stlth  +++.......               (no ring)
                                p - ring of protection from fire

@: very slightly contaminated, not resistant to hostile enchantments, fairly
stealthy
A: no striking features
a: Renounce Religion


You were on level 7 of the Dungeon.
You worshipped Vehumet.
Vehumet was pleased with you.
You were not hungry.

You visited 1 branch of the dungeon, and saw 7 of its levels.

You collected 114 gold pieces.

Inventory:

Hand weapons
 a - a +2 dagger (weapon)
 v - a +2 spear of venom
 x - a +0 blowgun
Missiles
 h - 7 tomahawks (quivered)
 y - 9 poisoned needles
 z - 7 needles of paralysis
Armour
 b - a +1 robe (worn)
 j - a +0 buckler
 q - a +0 pair of gloves (worn)
 u - a +0 leather armour
Jewellery
 f - an amulet of the gourmand (around neck)
 p - a ring of protection from fire (left hand)
Scrolls
 g - 2 scrolls of magic mapping
 l - a scroll of fog {unknown}
 m - a scroll of enchant armour {unknown}
 s - 2 scrolls of recharging {unknown}
 w - a scroll of blinking {unknown}
Potions
 e - a potion of heal wounds {unknown}
 k - a potion of restore abilities {unknown}
 n - a potion of curing {unknown}
Books
 c - a book of Maledictions

   Spells                             Type                      Level
   a - Corona                         Hexes                        1
   b - Sure Blade                     Hexes/Charms                 2
   c - Ensorcelled Hibernation        Hexes/Ice                    2
   d - Confuse                        Hexes                        3
   e - Dazzling Spray                 Conjuration/Hexes            3
   f - Enslavement                    Hexes                        4
Comestibles
 d - a bread ration
 i - a slice of pizza
 o - a royal jelly
 r - 3 meat rations
 t - a chunk of flesh


   Skills:
 + Level 5.2 Short Blades
 - Level 2.1 Dodging
 + Level 6.5 Stealth
 - Level 2.4 Spellcasting
 + Level 5.4 Hexes


You had 4 spell levels left.
You knew the following spells:

 Your Spells              Type           Power        Failure   Level  Hunger
a - Corona                Hex            ###....      1%          1    #......
b - Ensorcelled Hibernat  Hex/Ice        ##....       10%         2    ##.....
c - Dazzling Spray        Conj/Hex       ##......     17%         3    ###....


Dungeon Overview and Level Annotations

Branches:
Dungeon (7/15)             Temple (0/1) D:4

Altars:
Qazlal
Vehumet
Xom

Annotations:
D:3 Sigmund


Message History

The worker ant resists with significant effort.
The worker ant bites you.
* * * LOW HITPOINT WARNING * * *
The orc closely misses you. The worker ant closely misses you.
Casting: Ensorcelled Hibernation
Confirm with . or Enter, or press ? or * to list all spells.
Aiming: Dazzling Spray
Press: ? - help, Shift-Dir - straight line, f - orc, p - worker ant
Aim: an orc, wielding a trident The spray of energy hits the worker ant.
The worker ant is moderately wounded.
The worker ant is dazzled.
The orc hits you from afar with a trident.
* * * LOW HITPOINT WARNING * * *
The worker ant misses you.
You hit the worker ant but do no damage.
The worker ant is moderately wounded.
The worker ant closely misses you.
The orc hits you from afar with a trident!
You die...

# # ... ###### ##.###
.....# #.... # #..#
#...# # #..# #...# #
#..# #$..# ###..#
#..[###### ..<..#
#...oa@..#
###..######...####.##..
###.................>..
#......................
#.##....................
#.##.######...####.##..
.....# ....... .. #.####
#.#...#.# # #.# .#...#.


You could see a worker ant (blind) and an orc.

Vanquished Creatures
  An ogre (D:3)
  A giant frog (D:7)
  A scorpion (D:3)
  A hound (D:5)
  A gnoll shaman (D:3)
  4 adders
  A giant mite (D:3)
  28 gnolls
  3 giant geckos
  An ooze (D:2)
  4 orcs
  4 giant cockroaches
  2 goblins
  3 hobgoblins
  11 jackals
  6 kobolds
  2 ball pythons
  A bat (D:1)
  6 giant newts
  2 quokkas
  3 rats
86 creatures vanquished.

Notes
Turn   | Place    | Note
--------------------------------------------------------------
     0 | D:1      | timbw, the High Elf Enchanter, began the quest for the Orb.
     0 | D:1      | Reached XP level 1. HP: 11/11 MP: 4/4
   112 | D:1      | Reached XP level 2. HP: 7/17 MP: 4/6
   116 | D:1      | Learned a level 2 spell: Ensorcelled Hibernation
   307 | D:2      | Reached skill level 4 in Stealth
   307 | D:2      | Reached XP level 3. HP: 21/21 MP: 6/8
   408 | D:2      | Reached XP level 4. HP: 16/27 MP: 1/11
   650 | D:2      | Learned a level 3 spell: Dazzling Spray
   682 | D:2      | Found a stormy altar of Qazlal.
   744 | D:3      | Found a shimmering altar of Xom.
   748 | D:3      | Found a radiant altar of Vehumet.
   756 | D:3      | Became a worshipper of Vehumet
  1156 | D:3      | Reached skill level 5 in Stealth
  1156 | D:3      | Reached XP level 5. HP: 31/31 MP: 5/12
  1409 | D:3      | Acquired Vehumet's first power
  1409 | D:3      | Offered knowledge of Sandblast by Vehumet.
  1483 | D:3      | Reached XP level 6. HP: 17/36 MP: 0/15
  1598 | D:3      | Noticed an ogre
  1673 | D:3      | Killed an ogre
  1690 | D:3      | Reached skill level 5 in Hexes
  1840 | D:3      | Noticed Sigmund
  1932 | D:3      | Reached skill level 6 in Stealth
  1978 | D:4      | Found a staircase to the Ecumenical Temple.
  2001 | D:5      | Entered Level 5 of the Dungeon
  2025 | D:5      | Reached skill level 5 in Short Blades
  2025 | D:5      | Reached XP level 7. HP: 38/41 MP: 14/17
  2373 | D:7      | Slain by an orc

Action                   |  1- 3 |  4- 6 |  7- 9 || total
-------------------------+-------+-------+-------++-------
Melee: Dagger            |    50 |   101 |    16 ||   167
Throw: Tomahawk          |     1 |     5 |       ||     6
 Cast: Corona            |     5 |       |       ||     5
       Ensorcelled Hiber |    12 |    63 |    14 ||    89
       Dazzling Spray    |       |     5 |     2 ||     7
  Use: Scroll            |       |     5 |     1 ||     6
 Stab: Sleeping          |    15 |    35 |     8 ||    58
       Invisible         |       |     4 |       ||     4
       Distracted        |       |     1 |       ||     1
  Eat: Chunk             |       |     9 |     2 ||    11
